 Dungeon Crawl Stone Soup version 0.28.0-49-g6dfe1f597d (webtiles) character file.

Game seed: 751387627537891020

137 Zeld the Chopper (level 5, 0/48 HPs)
             Began as a Hill Orc Monk on May 18, 2022.
             Slain by a scorpion (8 damage)
             ... on level 4 of the Dungeon.
             The game lasted 00:03:35 (3962 turns).

Zeld the Chopper (Hill Orc Monk)                    Turns: 3962, Time: 00:03:36

Health: 0/48       AC: 12    Str: 16    XL:     5   Next: 20%
Magic:  5/5        EV:  3    Int: 10    God:
Gold:   40         SH:  7    Dex: 13    Spells: 4/4 levels left

rFire   . . .      SeeInvis .   a - +0 hand axe
rCold   . . .      Faith    .   h - +0 kite shield
rNeg    . . .      Spirit   .   b - +0 plate armour
rPois   .          Reflect  .   (no helmet)
rElec   .          Harm     .   (no cloak)
rCorr   .          Rampage  .   j - +0 pair of gloves
Will    .....                   (no boots)
Stlth   ..........              (no amulet)
HPRegen 0.16/turn               (no ring)
MPRegen 0.09/turn               (no ring)

@: lethally poisoned (0 -> -3)
A: no striking features
a: no special abilities


You were on level 4 of the Dungeon.
You visited 1 branch of the dungeon, and saw 5 of its levels.

You collected 40 gold pieces.

Inventory:

Hand Weapons
 a - a +0 hand axe (weapon)
Armour
 b - a +0 plate armour (worn)
 h - a +0 kite shield (worn)
 j - a +0 pair of gloves (worn)
Scrolls
 c - a scroll of enchant weapon {unknown}
 d - a scroll of teleportation {unknown}
 e - a scroll of magic mapping {unknown}
 l - a scroll of identify {unknown}
Potions
 f - a potion of curing {unknown}
 g - a potion of heal wounds {unknown}
 i - a potion of brilliance {unknown}
 k - a potion of resistance {unknown}


   Skills:
 * Level 5.2 Fighting
 * Level 5.7 Axes
 + Level 2.0 Armour
 - Level 2.4 Dodging
 - Level 1.5 Stealth


You had 4 spell levels left.
You didn't know any spells.
Your spell library contained the following spells:

 Spells                   Type           Power      Damage    Failure   Level
 Scorch                   Fire           0%         2d5       100%        2
 Ozocubu's Armour         Ice            0%         N/A       100%        3
 Flame Wave               Conj/Fire      0%         2d4       100%        4
 Summon Cactus Giant      Summ           0%         N/A       100%        6
 Ozocubu's Refrigeration  Ice            0%         4d5       100%        7


Dungeon Overview and Level Annotations

Branches:
Dungeon (5/15)
 Temple: D:4-7

Altars:
Dithmenos


Message History

The scorpion is severely wounded.
The scorpion stings you.
You are poisoned.
The scorpion poisons you! The scorpion stings you.
You are more poisoned.
The scorpion poisons you!
You hit the scorpion but do no damage.
The scorpion is severely wounded.
You feel extremely sick. You block the scorpion's attack.
Unknown command.
You closely miss the scorpion.
The scorpion is severely wounded.
You feel very sick.
The scorpion stings you but does no damage. x2
Unknown command.
You barely miss the scorpion.
The scorpion is severely wounded.
You feel very sick. You block the scorpion's attack.
Unknown command.
You hit the scorpion but do no damage.
The scorpion is severely wounded.
You feel very sick.
The scorpion stings you but does no damage.
You block the scorpion's attack.
Unknown command.
You hit the scorpion.
The scorpion is almost dead.
You feel sick. The scorpion barely misses you.
Unknown command.
You barely miss the scorpion.
The scorpion is almost dead.
You feel sick. The scorpion stings you.
* * * LOW HITPOINT WARNING * * *
Unknown command.
You hit the scorpion but do no damage.
The scorpion is almost dead.
You feel sick. The scorpion stings you!
You die...

######...#####
#...# #...#
#####...#
#.......#
#####.#######
#......###
#.#..^...######
#........@....#
#.......s......#
#...#....####....
#...#......# ###
#........#.#
##.####..#.##.
#...s........#
#.#######.##..
.... ...


You could see a scorpion.

Vanquished Creatures
  A hound zombie (D:5)
  6 adders
  3 gnolls
  2 dart slugs (D:3)
  A worm (D:3)
  6 ball pythons
  7 bats
  2 endoplasms
  A giant cockroach (D:2)
  A goblin (D:3)
  A hobgoblin (D:1)
  3 jackals (D:3)
  A quokka (D:2)
  A frilled lizard (D:3)
  2 kobolds
  3 rats (D:1)
41 creatures vanquished.

Vanquished Creatures (others)
  61 plants (D:1)
61 creatures vanquished.

Grand Total: 102 creatures vanquished

Notes
Turn   | Place    | Note
-------+----------+-------------------------------------------
     0 | D:1      | Zeld the Hill Orc Monk began the quest for the Orb.
     0 | D:1      | Reached XP level 1. HP: 19/19 MP: 1/1
   141 | D:1      | Reached XP level 2. HP: 27/27 MP: 2/2
   893 | D:2      | Reached skill level 1 in Armour
  1044 | D:2      | Reached XP level 3. HP: 27/33 MP: 3/3
  1301 | D:3      | Noticed an ogre
  1624 | D:3      | Identified the +4 ring mail "Zieh Upt" {Will+}
  1823 | D:3      | Reached skill level 5 in Axes
  1914 | D:3      | Found a shadowy altar of Dithmenos.
  1924 | D:3      | Reached XP level 4. HP: 41/41 MP: 4/4
  2878 | D:3      | Reached skill level 5 in Fighting
  2880 | D:3      | Reached XP level 5. HP: 5/48 MP: 5/5
  3574 | D:5      | Entered Level 5 of the Dungeon
  3943 | D:5      | Noticed an ogre
  3962 | D:4      | Slain by a scorpion

Illustrated notes

Levels and vault maps discovered:
D:1:      roderic_crop_circles_arrival_small, layout_rooms
D:2:      layout_basic, shapermc_ecumenical_altar_rom_forum
D:3:      layout_basic, nicolae_dithmenos_the_darkroom
D:4:      layout_loops_cross, mainiacjoe_overflow_paths, led_xom_imps,
          minmay_temple_entry_large_hall, dk_noncrumbling_3
D:5:      layout_basic, nicolae_hepliaklqana_hippocampus,
          nicolae_ru_the_path_less_chosen, nicolae_uskayaw_dance_hall,
          serial_glass, glass_columns_b, glass_columns_a, uniq_ijyb,
          uniq_sigmund

Skill      XL: |  1  2  3  4 |
---------------+-------------+-----
Fighting       | 4 5 |  5.2
Armour         | 1 2 |  2.0
Axes           | 5 |  5.7
Dodging        | |  2.4
Stealth        | |  1.5

Action                   |  1- 3 |  4- 6 || total
-------------------------+-------+-------++-------
Melee: Hand axe          |   153 |    80 ||   233
Armor: Robe              |    14 |       ||    14
       Plate armour      |    68 |    60 ||   128
Dodge: Dodged            |    38 |    10 ||    48
Block: Kite shield       |    36 |    32 ||    68
